 Dungeon Crawl Stone Soup version 0.21.0-24-g2553a33 (webtiles) character file.

213 tidbits the Grave Robber (level 5, -3/37 HPs)
             Began as a Gnoll Necromancer on Jan 20, 2018.
             Slain by a big kobold
             ... wielding a +0 whip
              (8 damage)
             ... on level 7 of the Dungeon.
             The game lasted 00:06:23 (744 turns).

tidbits the Grave Robber (Gnoll Necromancer)         Turns: 744, Time: 00:06:24

Health: -3/37      AC:  2    Str: 13 (15) XL:     5   Next: 90%
Magic:  9/12       EV: 14    Int: 19      God:
Gold:   105        SH:  0    Dex: 14 (15) Spells: 0/14 levels left

rFire    x . .     SeeInvis .   d - +0 mace
rCold    + . .     Gourm    +   (no shield)
rNeg     . . .     Faith    .   a - +0 robe
rPois    .         Spirit   .   (no helmet)
rElec    .         Reflect  .   (no cloak)
rCorr    .         Harm     .   (no gloves)
MR       +....                  (no boots)
Stlth    +++.......             j - amulet of the gourmand
HPRegen  0.12/turn              l - ring of ice
MPRegen  0.13/turn              H - ring of protection from magic

@: mighty, very slightly contaminated, slowed, very slow
A: distributed training, fangs 1, strong nose
a: no special abilities


You were on level 7 of the Dungeon.
You were not hungry.

You visited 1 branch of the dungeon, and saw 7 of its levels.

You collected 105 gold pieces.

Inventory:

Hand Weapons
 d - a +0 mace (weapon)
Armour
 a - a +0 robe (worn)
Jewellery
 j - an amulet of the gourmand (around neck)
   (You found it on level 5 of the Dungeon)
 l - a ring of ice (left hand)
   (You found it on level 6 of the Dungeon)
 H - a ring of protection from magic (right hand)
   (You found it on level 2 of the Dungeon)
 K - an uncursed ring of resist corrosion
   (You found it on level 2 of the Dungeon)
Scrolls
 e - a scroll of noise
 f - a scroll of blinking
 m - a scroll of enchant armour {unknown}
 r - a scroll of remove curse
Potions
 k - a potion of curing {unknown}
Books
 b - a book of Necromancy

   Spells                             Type                      Level
   a - Pain                           Necromancy                   1
   b - Animate Skeleton               Necromancy                   1
   c - Vampiric Draining              Necromancy                   3
   d - Regeneration                   Charms/Necromancy            3
   e - Animate Dead                   Necromancy                   4
   f - Borgnjor's Vile Clutch         Necromancy/Earth             5
 g - a book of Cantrips
   (You found it on level 6 of the Dungeon)

   Spells                             Type                      Level
   a - Confusing Touch                Hexes                        1
   b - Animate Skeleton               Necromancy                   1
   c - Summon Small Mammal            Summoning                    1
   d - Apportation                    Translocation                1
Comestibles
 c - 2 rations


   Skills:
 + Level 1.6 Fighting
 + Level 1.6 Short Blades
 + Level 1.6 Long Blades
 + Level 1.6 Axes
 + Level 1.6 Maces & Flails
 + Level 1.6 Polearms
 + Level 1.6 Staves
 + Level 1.6 Slings
 + Level 1.6 Bows
 + Level 1.6 Crossbows
 + Level 1.6 Throwing
 + Level 1.6 Armour
 + Level 4.8 Dodging
 + Level 4.4 Stealth
 + Level 1.6 Shields
 + Level 1.6 Unarmed Combat
 + Level 5.2 Spellcasting
 + Level 1.3 Conjurations
 + Level 1.3 Hexes
 + Level 1.3 Charms
 + Level 1.3 Summonings
 + Level 7.2 Necromancy
 + Level 1.3 Translocations
 + Level 1.3 Transmutations
 + Level 1.3 Fire Magic
 + Level 1.3 Ice Magic
 + Level 1.3 Air Magic
 + Level 1.3 Earth Magic
 + Level 1.3 Poison Magic
 + Level 1.8 Invocations
 + Level 1.6 Evocations


You couldn't memorise any spells.
You knew the following spells:

 Your Spells              Type           Power        Failure   Level  Hunger
a - Pain                  Necr           ####         1%          1    None
d - Vampiric Draining     Necr           ####......   1%          3    ##.....
n - Animate Skeleton      Necr           N/A          1%          1    None
r - Regeneration          Chrm/Necr      ###.......   6%          3    ##.....
v - Borgnjor's Vile Clut  Necr/Erth      ###.......   50%         5    #####..
A - Apportation           Tloc           #.....       7%          1    None


Dungeon Overview and Level Annotations

Branches:
Dungeon (7/15)
 Temple: D:4-7

Altars:
Dithmenos

Annotations:
D:7 Grimoiregrey's ghost, novice MiFi


Innate Abilities, Weirdness & Mutations

Your experience applies equally to all skills.
You have very sharp teeth.
Your uncanny sense of smell can sniff out nearby items.


Message History

The bullfrog is almost dead.
The zombie hands constrict the bullfrog.
You kill the bullfrog!
You feel your dexterity returning.
There is an open door here.
Things that are here:
a short sword; an orc corpse You see here 20 gold pieces.
You now have 105 gold pieces (gained 20).
You see here a hand axe.
There is an open door here.
There is an open door here.
There is an open door here.
Found a scroll labeled POSANEO HADEVU.
Found 25 sling bullets.
There is an escape hatch in the floor here.
You see here a scroll labeled POSANEO HADEVU.
m - a scroll labeled POSANEO HADEVU
There is an escape hatch in the floor here.
You slide downwards.
The hatch slams shut behind you.
Level annotation: Grimoiregrey's ghost, novice MiFi Unknown command.
Unknown command. 2 kobolds come into view.
The kobold shouts!
You hear a shout! x3
The kobold throws a stone.
The stone closely misses you.
You hear a shout!
Found a mace.
A kobold comes into view. 2 kobolds and a big kobold come into view.
The kobold misses you.
You barely miss the kobold. The kobold misses you.
The kobold shouts!
You hit the kobold but do no damage. The kobold hits you but does no damage.
The kobold completely misses you. The kobold closely misses you. x2
You hit the kobold.
You kill the kobold!
The kobold closely misses you. The big kobold barely misses you.
You closely miss the kobold. The kobold misses you.
The big kobold hits you with a whip! The kobold barely misses you.
The kobold closely misses you.
You hit the kobold.
The kobold is severely wounded.
The kobold closely misses you. The big kobold completely misses you.
The kobold hits you.
* * * LOW HITPOINT WARNING * * *
The kobold closely misses you. The kobold barely misses you.
The big kobold barely misses you.
You closely miss the kobold.
The kobold is severely wounded.
The kobold barely misses you. The kobold hits you with a club.
* * * LOW HITPOINT WARNING * * *
The kobold completely misses you.
The kobold throws a stone.
The stone closely misses you.
Casting: Borgnjor's Vile Clutch
Confirm with . or Enter, or press ? or * to list all spells.
The spell is very dangerous to cast!
Continue anyway?
Okay, then.
Casting: Borgnjor's Vile Clutch
Confirm with . or Enter, or press ? or * to list all spells.
The spell is very dangerous to cast!
Continue anyway?
Aiming: Borgnjor's Vile Clutch
Press: ? - help, Dir - move target cursor You miscast Borgnjor's Vile Clutch.
You are very lightly contaminated with residual magic.
You feel yourself slow down.
You feel horribly lethargic.
You feel much better. The kobold closely misses you.
The big kobold hits you with a whip. The kobold hits you.
You feel very mighty all of a sudden. The big kobold hits you with a whip.
The kobold barely misses you. The big kobold misses you.
You hit the big kobold.
The big kobold is lightly wounded.
The kobold misses you. The big kobold misses you. The kobold barely misses you.
The big kobold barely misses you.
You sock the big kobold! Your bite misses the big kobold.
The big kobold is heavily wounded.
The kobold closely misses you. The big kobold completely misses you.
The kobold barely misses you. The big kobold closely misses you.
You barely miss the big kobold. Your bite misses the big kobold.
The big kobold is heavily wounded.
The kobold hits you. The big kobold hits you with a whip.
The kobold misses you. The big kobold hits you with a whip.
You sock the big kobold!
The big kobold is severely wounded.
The kobold hits you. The big kobold closely misses you. The kobold hits you.
* * * LOW HITPOINT WARNING * * *
The big kobold barely misses you.
You hit the big kobold. Your bite misses the big kobold.
The big kobold is severely wounded.
The kobold misses you. The big kobold hits you with a whip.
* * * LOW HITPOINT WARNING * * *
The kobold completely misses you. The big kobold hits you with a whip.
* * * LOW HITPOINT WARNING * * *
You hit the big kobold but do no damage.
The big kobold is severely wounded.
The kobold closely misses you. The big kobold hits you with a whip.
* * * LOW HITPOINT WARNING * * *
The kobold completely misses you. The big kobold hits you with a whip!
You die...

......# ##
.....## #####..
......# #...#.#
..... #...#.##
.... +(..+.. #..
##...#.######
#†#
..#...@#......#
#<# #....KK)K#
#.#
#....#K......# O
#O#
.......#.#.#####
..##.#
####...#.#...
..'..# ...#.#.#
### .a####
#######.# + ∆
#.# ∆ #.#


You could see a big kobold and 3 kobolds.

Vanquished Creatures
  A bullfrog (D:6)
  A scorpion (D:5)
  A worker ant (D:7)
  3 adders
  A shadow imp (D:5)
  2 oozes (D:2)
  A leopard gecko (D:6)
  3 orcs (D:6)
  2 bats
  A giant cockroach (D:4)
  3 hobgoblins (D:1)
  2 kobolds
  2 frilled lizards
  A goblin (D:3)
  11 rats
35 creatures vanquished.

Vanquished Creatures (others)
  A quokka (D:7)
1 creature vanquished.

Grand Total: 36 creatures vanquished

Notes
Turn   | Place    | Note
-------+----------+-------------------------------------------
     0 | D:1      | tidbits the Gnoll Necromancer began the quest for the Orb.
     0 | D:1      | Reached XP level 1. HP: 13/13 MP: 6/6
   105 | D:2      | Reached XP level 2. HP: 10/19 MP: 4/7
   211 | D:2      | Found a shadowy altar of Dithmenos.
   226 | D:2      | Reached XP level 3. HP: 23/25 MP: 6/9
   233 | D:2      | Learned a level 3 spell: Regeneration
   237 | D:2      | Learned a level 3 spell: Vampiric Draining
   239 | D:2      | Learned a level 1 spell: Animate Skeleton
   265 | D:3      | Reached skill level 5 in Spellcasting
   323 | D:4      | Noticed a scorpion
   333 | D:5      | Entered Level 5 of the Dungeon
   333 | D:5      | Noticed a scorpion
   336 | D:5      | Killed a scorpion
   336 | D:5      | Reached skill level 1 in Fighting
   336 | D:5      | Reached skill level 1 in Short Blades
   336 | D:5      | Reached skill level 1 in Long Blades
   336 | D:5      | Reached skill level 1 in Axes
   336 | D:5      | Reached skill level 1 in Maces & Flails
   336 | D:5      | Reached skill level 1 in Polearms
   336 | D:5      | Reached skill level 1 in Staves
   336 | D:5      | Reached skill level 1 in Slings
   336 | D:5      | Reached skill level 1 in Bows
   336 | D:5      | Reached skill level 1 in Crossbows
   336 | D:5      | Reached skill level 1 in Throwing
   336 | D:5      | Reached skill level 1 in Armour
   336 | D:5      | Reached skill level 1 in Shields
   336 | D:5      | Reached skill level 1 in Unarmed Combat
   336 | D:5      | Reached skill level 1 in Invocations
   336 | D:5      | Reached skill level 1 in Evocations
   336 | D:5      | Reached XP level 4. HP: 26/32 MP: 7/11
   395 | D:5      | Reached skill level 1 in Conjurations
   395 | D:5      | Reached skill level 1 in Hexes
   395 | D:5      | Reached skill level 1 in Charms
   395 | D:5      | Reached skill level 1 in Summonings
   395 | D:5      | Reached skill level 1 in Translocations
   395 | D:5      | Reached skill level 1 in Transmutations
   395 | D:5      | Reached skill level 1 in Fire Magic
   395 | D:5      | Reached skill level 1 in Ice Magic
   395 | D:5      | Reached skill level 1 in Air Magic
   395 | D:5      | Reached skill level 1 in Earth Magic
   395 | D:5      | Reached skill level 1 in Poison Magic
   495 | D:6      | Reached XP level 5. HP: 23/37 MP: 2/12
   596 | D:7      | Noticed an ogre
   599 | D:7      | Noticed Grimoiregrey's ghost (novice MiFi)
   674 | D:6      | Learned a level 1 spell: Apportation
   680 | D:6      | Learned a level 5 spell: Borgnjor's Vile Clutch
   728 | D:7      | Noticed a big kobold
   744 | D:7      | Slain by a big kobold

Skill      XL: |  1  2  3  4 |
---------------+-------------+-----
Spellcasting   | 5 |  5.2
Fighting       | 1 |  1.6
Short Blades   | 1 |  1.6
Long Blades    | 1 |  1.6
Axes           | 1 |  1.6
Maces & Flails | 1 |  1.6
Polearms       | 1 |  1.6
Staves         | 1 |  1.6
Slings         | 1 |  1.6
Bows           | 1 |  1.6
Crossbows      | 1 |  1.6
Throwing       | 1 |  1.6
Armour         | 1 |  1.6
Shields        | 1 |  1.6
Unarmed Combat | 1 |  1.6
Invocations    | 1 |  1.8
Evocations     | 1 |  1.6
Conjurations   | 1 |  1.3
Hexes          | 1 |  1.3
Charms         | 1 |  1.3
Summonings     | 1 |  1.3
Translocations | 1 |  1.3
Transmutations | 1 |  1.3
Fire Magic     | 1 |  1.3
Ice Magic      | 1 |  1.3
Air Magic      | 1 |  1.3
Earth Magic    | 1 |  1.3
Poison Magic   | 1 |  1.3
Dodging        | |  4.8
Stealth        | |  4.4
Necromancy     | |  7.2

Action                   |  1- 3 |  4- 6 || total
-------------------------+-------+-------++-------
Melee: Mace              |     6 |    27 ||    33
       Bite              |     1 |     1 ||     2
 Cast: Pain              |    32 |    20 ||    52
       Regeneration      |       |     2 ||     2
       Borgnjor's Vile C |       |     1 ||     1
  Use: Scroll            |     1 |     4 ||     5
       Potion            |     1 |     3 ||     4
 Stab: Sleeping          |     2 |     1 ||     3
Armor: Robe              |     1 |     1 ||     2
Dodge: Dodged            |    15 |    53 ||    68

Table legend:
 A = Turns spent in this place as a percentage of turns spent in the entire game.
 B = Non-inter-level travel turns spent in this place as a percentage of non-inter-level travel turns spent in the entire game.
 C = Inter-level travel turns spent in this place as a percentage of turns spent in this place.
 D = Turns resting spent in this place as a percentage of non-inter-level travel turns spent in this place.
 E = Turns spent auto-exploring this place as a percentage of non-inter-level travel turns spent in this place.
 F = Non-inter-level travel turns spent in this place divided by the number of levels of this place that you've seen.
                   A       B       C       D       E      F
               +-------+-------+-------+-------+-------+----------------------
         Total | 100.0 | 100.0 |   2.0 |   0.0 |   0.0 | 104.1
       Dungeon | 100.0 | 100.0 |   2.0 |   0.0 |   0.0 | 104.1
               +-------+-------+-------+-------+-------+----------------------

Table legend:
 A = Kills in this place as a percentage of kills in entire the game.
 B = Kills by you in this place as a percentage of kills by you in the entire game.
 C = Kills by friends in this place as a percentage of kills by friends in the entire game.
 D = Other kills in this place as a percentage of other kills in the entire game.
 E = Experience gained in this place as a percentage of experience gained in the entire game.
 F = Experience gained in this place divided by the number of levels of this place that you have seen.
                   A       B       C       D       E      F
               +-------+-------+-------+-------+-------+----------------------
         Total | 100.0 | 100.0 |   N/A |   N/A | 100.0 |  43.6
       Dungeon | 100.0 | 100.0 |   N/A |   N/A | 100.0 |  43.6
               +-------+-------+-------+-------+-------+----------------------

Vault maps used:
D:1:      dpeg_arrival_ratfight
D:2:      nicolae_dithmenos_shadow_blocks
D:4:      old_standard_altar, portal_sewer_entry_b
D:5:      first_ration, hangedman_decor_clover_reticule, grunt_ministairs_11,
          kennysheep_nondescript
D:7:      kennysheep_mini, elyvilon_altar_4, minmay_temple_entry_mist,
          grunt_livestock, minmay_misc_feat_tower, wad_floor_pattern_untrapped,
          doesnt_xom_only_xom, uniq_pikel
